 Dungeon Crawl Stone Soup version 0.25-a0-589-g1e14c549ee (webtiles) character file.

Game seed: 8383059867376418391, levelgen mode: deterministic

54 kae the Skirmisher (level 3, -1/29 HPs)
             Began as a Demonspawn Abyssal Knight on Mar 12, 2020.
             Was a Follower of Lugonu.
             Slain by an adder (2 damage)
             ... on level 2 of the Dungeon.
             The game lasted 00:01:03 (1693 turns).

kae the Skirmisher (Demonspawn Abyssal Knight)      Turns: 1693, Time: 00:01:03

Health: -1/29      AC:  3    Str: 10 (13) XL:     3   Next: 66%
Magic:  5/5        EV: 11    Int: 12 (13) God:    Lugonu [*.....]
Gold:   79         SH:  0    Dex: 10 (12) Spells: 2/2 levels left

rFire    . . .     SeeInvis .   a - +1 mace
rCold    . . .     Gourm    .   (no shield)
rNeg     . . .     Faith    .   b - +0 leather armour
rPois    +         Spirit   .   (no helmet)
rElec    .         Reflect  .   (no cloak)
rCorr    .         Harm     .   (no gloves)
MR       .....                  (no boots)
Stlth    +.........             (no amulet)
HPRegen  0.09/turn              i - ring of poison resistance
MPRegen  0.09/turn              (no ring)

@: no status effects
A: demonic guardian 1
a: Depart the Abyss, Renounce Religion


You were on level 2 of the Dungeon.
You worshipped Lugonu.
Lugonu was aware of your devotion.
You were hungry.

You visited 1 branch of the dungeon, and saw 2 of its levels.
You visited the Abyss 1 time.

You collected 79 gold pieces.

Inventory:

Hand Weapons
 a - a +1 mace (weapon)
Armour
 b - a +0 leather armour (worn)
Jewellery
 i - a ring of poison resistance (left hand)
Scrolls
 d - a scroll of identify {unknown}
 e - a scroll of fog {unknown}
 f - a scroll of fear {unknown}
 h - 2 scrolls of teleportation {unknown}
Potions
 g - a potion of curing {unknown}
Comestibles
 c - 2 rations


   Skills:
 + Level 3.3 Fighting
 * Level 2.7 Maces & Flails
 + Level 2.2 Armour
 - Level 0.8 Dodging
 + Level 3.2 Invocations


You had 2 spell levels left.
You didn't know any spells.
Your spell library was empty.

Dungeon Overview and Level Annotations

Branches:
Dungeon (2/15)

Altars:


Innate Abilities, Weirdness & Mutations

A weak demonic guardian rushes to your aid.


Message History

You miss the adder.
The adder is severely wounded.
The adder closely misses you. The adder bites you.
* * * LOW HITPOINT WARNING * * *
You closely miss the adder.
The adder is severely wounded.
The adder bites you.
* * * LOW HITPOINT WARNING * * *
The adder bites you but does no damage.
You hit the adder.
The adder is almost dead.
The adder misses you.
Okay, then.
You closely miss the adder.
The adder is almost dead.
The adder barely misses you. The adder closely misses you.
You miss the adder.
The adder is almost dead.
The adder bites you.
You die...

#.# #.. #.# #.# #
###.# #.# .# ##.
##.#.###.##.#....
#..........h.....
##.#..(....h.h#
#.#####%##.###
#.# #S# # #.# #@#
#.# #.# #.# #.#
##.# #.# #..# #.#
#.## #.# ##. #.#
#.# #.. #.# #.#
#.. #.# #.#


You could see an adder.

Vanquished Creatures
  Robin (D:2)
  A dart slug (D:1)
  A leopard gecko (D:2)
  A ball python (D:1)
  8 bats
  A giant cockroach (D:2)
  5 goblins
  5 hobgoblins (D:1)
  4 jackals (D:2)
  2 frilled lizards
  5 kobolds
  4 rats (D:1)
38 creatures vanquished.

Vanquished Creatures (collateral kills)
  2 goblins (D:2)
  A hobgoblin (D:2)
3 creatures vanquished.

Grand Total: 41 creatures vanquished

Notes
Turn   | Place    | Note
-------+----------+-------------------------------------------
     0 | Abyss:1  | kae the Demonspawn Abyssal Knight began the quest for the
                  | Orb.
     0 | Abyss:1  | Reached XP level 1. HP: 18/18 MP: 2/2
   103 | Abyss:1  | Noticed a small abomination
   103 | Abyss:1  | Noticed a small abomination
   104 | D:1      | Escaped the Abyss
   284 | D:1      | Reached * piety under Lugonu
   357 | D:1      | Gained mutation: A weak demonic guardian rushes to your
                  | aid. [demonic ancestry]
   357 | D:1      | Reached XP level 2. HP: 24/24 MP: 4/4
  1160 | D:2      | Noticed Robin
  1164 | D:2      | Reached XP level 3. HP: 27/29 MP: 5/5
  1184 | D:2      | Killed Robin
  1690 | D:2      | HP: 1/29 [adder (2)]
  1693 | D:2      | Slain by an adder

Levels and vault maps discovered:
D:1:      arrival_zaba_pyramid, layout_basic
D:2:      layout_loops_ring, lemuel_crystal_altar, first_ration, tgw_trog,
          uniq_robin

Skill      XL: |  1  2 |
---------------+-------+-----
Maces & Flails | 2 |  2.7
Armour         | 2 |  2.2
Invocations    | 3 |  3.2
Fighting       | |  3.3
Dodging        | |  0.8

Action                   || total
-------------------------++-------
Melee: Mace              ||   142
Invok: Depart the Abyss  ||     1
  Use: Potion            ||     1
  Eat: Chunk             ||     2
Armor: Leather armour    ||    45
Dodge: Dodged            ||   113

Table legend:
 A = Non-vault XP
 B = Vault XP
 C = Vault XP percentage of total XP
 D = Non-vault monster count
 E = Vault monster count
 F = Vault count percentage of total count
                 A         B        C        D         E       F
            +---------+---------+-------+---------+---------+-------
      Total |      58 |      20 |  25.6 |      36 |       5 |  12.2
            +---------+---------+-------+---------+---------+-------
        D:1 |      38 |       0 |   0.0 |      25 |       0 |   0.0
        D:2 |      20 |      20 |  50.0 |      11 |       5 |  31.2
            +---------+---------+-------+---------+---------+-------
